 Dungeon Sprint DCSS version 0.28-a0-691-gad6df49e81 (webtiles) character file.

Game seed: 16123565539129559525

1100000 ytrimaz the Acrobat (level 14, -11/120 HPs)
             Began as a Demonspawn Gladiator on Oct 20, 2021.
             Was a Believer of Makhleb.
             Mangled by a meat berserker (66 damage)
             ... in the Dungeon (Sprint VIII: "Arena of Blood").
             The game lasted 00:00:38 (11 turns).

ytrimaz the Acrobat (Demonspawn Gladiator)            Turns: 11, Time: 00:00:39

Health: -11/120    AC:  6    Str: 19    XL:     14   Next: 9%
Magic:  14/14      EV: 22    Int: 11    God:    Makhleb [**....]
Gold:   0          SH:  0    Dex: 14    Spells: 13/13 levels left

rFire   . . .      SeeInvis .   j - +∞ Axe of Woe
rCold   . . .      Faith    .   (shield currently unavailable)
rNeg    . . .      Spirit   .   a - +0 leather armour
rPois   .          Reflect  .   b - +0 helmet
rElec   .          Harm     .   (no cloak)
rCorr   .          Rampage  .   (no gloves)
Will    +....      NoTele   +   (no boots)
Stlth   +.........              (no amulet)
HPRegen 0.30/turn               (no ring)
MPRegen 0.28/turn               (no ring)

@: no status effects
A: demonic guardian 1, magic regeneration, sharp scales 2
a: Renounce Religion, Minor Destruction


You were in the Dungeon.
You worshipped Makhleb.
Makhleb was pleased with you.
You visited 1 branch

Inventory:

Hand Weapons
 j - the +∞ Axe of Woe (weapon)
   (You found it in the Dungeon)
Missiles
 c - 2 throwing nets (quivered)
Armour
 a - a +0 leather armour (worn)
 b - a +0 helmet (worn)
Scrolls
 i - a scroll of blinking
Potions
 d - a potion of curing
 e - a potion of heal wounds
 f - a potion of haste
 g - 2 potions of magic
 h - a potion of berserk rage


   Skills:
 + Level 14.0 Fighting
 + Level 9.5 Axes
 + Level 12.6 Throwing
 + Level 2.2 Armour
 + Level 21.7 Dodging
 + Level 21.5 Unarmed Combat


You had 13 spell levels left.
You didn't know any spells.
Your spell library was empty.

Dungeon Overview and Level Annotations

Branches:
Dungeon (1/1)

Altars:
Makhleb


Innate Abilities, Weirdness & Mutations

A weak demonic guardian rushes to your aid.
You regenerate magic rapidly.
You are mostly covered in razor-sharp scales. (AC +2, Slay +2)


Message History

Makhleb accepts your kill.
You feel better.
You slash the bag of meat!
You butcher the bag of meat messily.
You kill the bag of meat!
Makhleb accepts your kill.
You can now harness Makhleb's destructive might.
You feel better.
You hear a shout! x6
A bag of meat comes into view. It is wielding a +9 war axe.
You hear a shout!
The meat berserker rages.
A bag of meat comes into view. It is wielding a +9 war axe.
You hear a shout! x2
The meat berserker hits you with a +9 battleaxe!!!
The bag of meat hits you with a +9 war axe!
You hear a shout!
A bag of meat comes into view. It is wielding a +9 war axe. x2
The bag of meat moves out of view.
Your Fighting skill gained 2 levels and is now at level 14!
Your Axes skill gained 2 levels and is now at level 9!
Your Throwing skill increases to level 12!
Your Armour skill gained 2 levels and is now at level 2!
Your Dodging skill increases to level 21!
Your Unarmed Combat skill increases to level 21!
You have reached level 14!
Your demonic ancestry asserts itself...
You feel the presence of a demonic guardian.
The bag of meat shouts! x3
You slash the bag of meat!
You pulverise the bag of meat into a thin bloody mist.
You kill the bag of meat!
Makhleb accepts your kill.
You hit the meat berserker.
You dissect the meat berserker like a pig carcass.
You kill the meat berserker!
Makhleb accepts your kill.
You hear a shout! x6
The meat berserker hits you with a +9 battleaxe!!!
Ouch! That really hurt!
You die...

..... .. #...
.# . #... ..#
..###... ..###.
......###......
....._......
#.))..# #_)@O_#
#..)..#
....._......
.o....###......
..###... o.###.
. #... ..# #...
o# .....


oo You could see a meat berserker (berserk) and 5 bags of meat.

Vanquished Creatures
  3 ogres (D)
  4 orcs (D)
7 creatures vanquished.

Notes
Turn   | Place    | Note
-------+----------+-------------------------------------------
     0 | D        | Found the +∞ Axe of Woe
     0 | D        | ytrimaz the Demonspawn Gladiator began the quest for the
                  | Orb.
     0 | D        | Reached XP level 1. HP: 16/16 MP: 1/1
     0 | D        | Noticed a meat berserker
     1 | D        | Noticed a meat berserker
     3 | D        | Became a worshipper of Makhleb the Destroyer
     4 | D        | Noticed a bag of meat
     5 | D        | Killed a meat berserker
     5 | D        | Killed a meat berserker
     5 | D        | Reached * piety under Makhleb
     6 | D        | Gained mutation: You regenerate magic rapidly. [demonic
                  | ancestry]
     6 | D        | Reached XP level 2. HP: 38/38 MP: 2/2
     6 | D        | Reached XP level 3. HP: 44/44 MP: 3/3
     6 | D        | Gained mutation: You are partially covered in razor-sharp
                  | scales. (AC +1, Slay +1) [demonic ancestry]
     6 | D        | Reached XP level 4. HP: 51/51 MP: 4/4
     6 | D        | Reached XP level 5. HP: 57/57 MP: 5/5
     6 | D        | Reached XP level 6. HP: 64/64 MP: 6/6
     6 | D        | Reached XP level 7. HP: 70/70 MP: 7/7
     6 | D        | Gained mutation: You are mostly covered in razor-sharp
                  | scales. (AC +2, Slay +2) [demonic ancestry]
     6 | D        | Reached XP level 8. HP: 76/76 MP: 8/8
     6 | D        | Reached XP level 9. HP: 82/82 MP: 9/9
     6 | D        | Reached XP level 10. HP: 89/89 MP: 10/10
     6 | D        | Reached XP level 11. HP: 95/95 MP: 11/11
     6 | D        | Reached XP level 12. HP: 102/102 MP: 12/12
     6 | D        | Reached XP level 13. HP: 108/108 MP: 13/13
     6 | D        | Noticed a bag of meat
     6 | D        | Noticed a bag of meat
     7 | D        | Noticed a bag of meat
     8 | D        | Noticed a meat berserker
     8 | D        | Noticed a bag of meat
     9 | D        | Killed a bag of meat
     9 | D        | Noticed a meat berserker
     9 | D        | Noticed a bag of meat
    10 | D        | Killed a bag of meat
    10 | D        | Killed a bag of meat
    10 | D        | Reached ** piety under Makhleb
    10 | D        | Noticed a bag of meat
    10 | D        | Noticed a bag of meat
    10 | D        | Noticed a bag of meat
    10 | D        | Noticed a bag of meat
    11 | D        | Gained mutation: A weak demonic guardian rushes to your
                  | aid. [demonic ancestry]
    11 | D        | Reached XP level 14. HP: 55/120 MP: 14/14
    11 | D        | Killed a bag of meat
    11 | D        | Killed a meat berserker
    11 | D        | Mangled by a meat berserker

Illustrated notes

Levels and vault maps discovered:
D:        meatsprint

Skill      XL: |  1  2  3  4  5  6  7  8  9 10 11 12 13 |
---------------+----------------------------------------+-----
Fighting       | 12 14 | 14.0
Axes           | 7 9 |  9.5
Throwing       | 11 12 | 12.6
Dodging        | 19 21 | 21.7
Unarmed Combat | 19 21 | 21.5
Armour         | 2 |  2.2

Action                   |  1- 3 |  4- 6 |  7- 9 | 10-12 | 13-15 || total
-------------------------+-------+-------+-------+-------+-------++-------
Melee: Executioner's axe |     1 |       |       |       |     3 ||     4
Throw: Throwing net      |       |       |       |       |     1 ||     1
Dodge: Dodged            |       |       |       |       |     1 ||     1

Table legend: (Time is in decaauts)
 A = Elapsed time spent in this place.
 B = Non-inter-level travel time spent in this place.
 C = Inter-level travel time spent in this place.
 D = Time resting spent in this place.
 E = Time spent auto-exploring this place.
 F = Levels seen in this place.
 G = Mean time per level.
                   A        B        C        D        E       F      G
               +--------+--------+--------+--------+--------+-----+--------+
         Total |     12 |     12 |      0 |      0 |      0 |   1 |   12.0 |
       Dungeon |     12 |     12 |      0 |      0 |      0 |   1 |   12.0 |
               +--------+--------+--------+--------+--------+-----+--------+

Top non-repeatable levels by time:
       D: 12 daAuts
